[Event "Charlotte Spring IM-C 2024"]
[Site "Charlotte"]
[Date "2024.03.29"]
[Round "4.2"]
[White "Mendez Tovar, Yessica Yissel"]
[Black "Posthuma, Joshua"]
[Result "0-1"]
[ECO "B35"]
[WhiteElo "1993"]
[BlackElo "2449"]
[Annotator "TA"]
[PlyCount "70"]
[EventDate "2024.03.27"]
[EventType "tourn"]
[EventCountry "USA"]
[SourceTitle "playchess.com"]
[Source "ChessBase"]
[SourceQuality "1"]
[TimeControl "5400+30"]

1. e4 c5 2. Nc3 Nc6 3. Nf3 g6 4. d4 cxd4 5. Nxd4 Bg7 6. Be3 Nf6 7. Bc4 O-O 8. Bb3 Re8 9. O-O d6 10. f3 Na5 {[%emt 0:04:46] The position is equal.} 11. Qd2 Bd7 12. Rfe1 Rc8 13. Rad1 Nc4 14. Bxc4 Rxc4 15. b3 Rc8 16. Nd5 a6 17. c4 b5 18. Ne2 $36 {[%emt 0:01:15][%mdl 2048] White is more active.} Bc6 19. Bb6 Qd7 20. Bd4 e5 (20... Bxd5 $14 21. cxd5 Qb7) 21. Nb6 $16 {[%emt 0:03:22][%csl LRc8,LRd7] A dynamic duo of knights.} Qc7 {[%emt 0:00:25] [#] aiming for ...Rb8.} 22. Bf2 {[%emt 0:03:56] cxb5 is the strong threat.} Rcd8 23. Rc1 (23. Nc3 $142) 23... Qb7 24. Nd5 ({White should play} 24. Nc3 $16) 24... Nxd5 $11 25. cxd5 Bd7 26. Qa5 Rc8 {[%emt 0:00:00] Repels Rc7} 27. Bb6 (27. Rxc8 $11 Rxc8 28. Rc1) 27... Bh6 $15 28. Rcd1 {[%emt 0:01:33] Now White is beyond hope.} (28. Rxc8 $17 {was necessary.} Rxc8 29. Ng3) 28... Rc2 {[%emt 0:00:00][%cal Ob5b4] ...b4! would now be deadly.} 29. Nc1 $2 (29. b4) 29... f5 (29... Rb8 $142 30. Bf2 b4) 30. Nd3 $19 fxe4 31. fxe4 (31. Nb4 $142 Rd2 32. Rxd2 Bxd2 33. Rxe4) 31... Bg4 32. Nb4 $2 (32. Rc1 Bxc1 33. Rxc1 Rxc1+ 34. Nxc1) 32... Bxd1 33. Rxd1 Re2 {[%emt 0:00:00] [#] Threatens to win with ...Qc8.} 34. Bc7 (34. Nc6 $142 Qxb6+ (34... Rxe4 $2 35. Bc7 $19) 35. Qxb6 Be3+ (35... Rxe4 $2 {perishes.} 36. Qc7 $18) 36. Qxe3 Rxe3 37. Kf2 Rxe4 38. Rd3 Rf8+ 39. Rf3) 34... Qa7+ 35. Kh1 Qf2 {[%emt 0:05:30] Weighted Error Value: White=0.86/Black=0.34.  Loses game:     	White=1     	---        Mistake:       	White=6     	Black=2      Inaccurate:     	White=4     	Black=2      OK:         	White=7     	Black=10     Best:        	White=1     	Black=4} 0-1

[Event "Charlotte Spring IM-C 2024"]
[Site "Charlotte"]
[Date "2024.03.29"]
[Round "4.3"]
[White "Horobetz, Graham"]
[Black "Komarov, Dimitri"]
[Result "0-1"]
[ECO "C07"]
[WhiteElo "2252"]
[BlackElo "2448"]
[Annotator "TA"]
[PlyCount "32"]
[EventDate "2024.03.27"]
[EventType "tourn"]
[EventCountry "USA"]
[SourceTitle "playchess.com"]
[Source "ChessBase"]
[SourceQuality "1"]
[TimeControl "5400+30"]

1. e4 e6 2. d4 d5 3. Nd2 c5 4. Ngf3 cxd4 5. Nxd4 Nf6 6. e5 Nfd7 7. f4 {[%emt 0:03:55] [#]} (7. N2f3 $11) 7... Nxe5 $1 $17 8. Nxe6 (8. c3 Nec6) 8... Bxe6 9. fxe5 Nc6 {[%emt 0:01:37][%cal Of8c5,Bb8c6,Bc6b4,Bb4a2,Ba2c3][%mdl 32] Black is better.} 10. Nf3 Bc5 {[%emt 0:01:34] Wards off Be3} 11. Qd3 Qb6 12. Qb5 O-O 13. Qxb6 axb6 14. Bf4 Nb4 15. Kd2 Nxa2 {[%emt 0:01:36] Black is much more active.} 16. c3 $2 {[%emt 0:03:49] [#]} (16. Bd3 $17) 16... Nxc3 $1 {[%emt 0:00:22][%mdl 512] Weighted Error Value: White=0.35/Black=0.09 (flawless) .  Loses game:     	White=1     	---        OK:         	White=4     	Black=3      Best:        	---       	Black=1      Brilliant:      	---       	Black=1} 0-1

[Event "Charlotte Spring IM-C 2024"]
[Site "Charlotte"]
[Date "2024.03.29"]
[Round "4.4"]
[White "Kunka, Harshid"]
[Black "Melillo, Lucius"]
[Result "1/2-1/2"]
[ECO "C83"]
[WhiteElo "2294"]
[BlackElo "2274"]
[Annotator "RC"]
[PlyCount "86"]
[EventDate "2024.03.27"]
[EventType "tourn"]
[EventCountry "USA"]
[SourceTitle "playchess.com"]
[Source "ChessBase"]
[SourceQuality "1"]
[TimeControl "5400+30"]

1. e4 e5 2. Nf3 Nc6 3. Bb5 a6 4. Ba4 Nf6 5. O-O Nxe4 6. d4 b5 7. Bb3 d5 8. dxe5 Be6 9. Be3 Be7 10. c3 O-O 11. Nbd2 Qd7 12. h3 Rad8 13. Nd4 Nxd2 14. Bxd2 Nxe5 15. f4 Nc6 16. Nxe6 fxe6 17. Qe2 Rfe8 18. Rae1 e5 19. fxe5 Bc5+ 20. Kh1 Nxe5 21. Qh5 g6 22. Qg5 Nc4 23. Bf4 c6 24. Bc2 Rxe1 25. Rxe1 Re8 26. Rf1 Qe7 27. Qg3 Bd6 28. Bxd6 Qxd6 29. Qxd6 Nxd6 30. Rf6 Rd8 31. g4 c5 32. b4 cxb4 33. cxb4 d4 34. Bd3 Nc4 35. Rxa6 Nb2 36. Bxb5 d3 37. Bxd3 Nxd3 38. b5 Nc5 39. Ra5 Rd1+ 40. Kh2 Rb1 41. a4 Rb4 42. b6 Nxa4 43. b7 Rxb7 1/2-1/2

[Event "Charlotte Spring IM-C 2024"]
[Site "Charlotte"]
[Date "2024.03.29"]
[Round "4.5"]
[White "Nguyen, James Le"]
[Black "Wu, Sibo"]
[Result "1/2-1/2"]
[ECO "B30"]
[WhiteElo "2114"]
[BlackElo "2142"]
[Annotator "NA RC"]
[PlyCount "60"]
[EventDate "2024.03.27"]
[EventType "tourn"]
[EventCountry "USA"]
[SourceTitle "playchess.com"]
[Source "ChessBase"]
[SourceQuality "1"]
[TimeControl "5400+30"]

1. e4 c5 2. Nf3 Nc6 3. Bb5 e6 4. O-O Nge7 5. Re1 a6 6. Bf1 d5 7. exd5 Nxd5 8. d4 Nf6 $11 9. Be3 cxd4 10. Nxd4 Nxd4 11. Bxd4 Bd7 12. c4 Be7 13. Nc3 O-O 14. Qb3 Bc6 15. Rad1 Qe8 16. Qc2 b5 17. c5 b4 18. Bxf6 Bxf6 19. Ne4 Be7 20. Nd6 Qb8 21. Bd3 h6 22. Bh7+ Kh8 23. Be4 Qc7 24. Bxc6 Qxc6 25. Qe4 Qxe4 26. Rxe4 a5 27. Nb7 Rfc8 28. Rc4 Rc7 29. c6 Ra6 30. Rdc1 e5 1/2-1/2

[Event "Charlotte Spring IM-C 2024"]
[Site "Charlotte"]
[Date "2024.03.30"]
[Round "5.1"]
[White "Wu, Sibo"]
[Black "Eckert, Doug"]
[Result "1/2-1/2"]
[ECO "D02"]
[WhiteElo "2142"]
[BlackElo "2146"]
[Annotator "RC"]
[PlyCount "75"]
[EventDate "2024.03.27"]
[EventType "tourn"]
[EventCountry "USA"]
[SourceTitle "playchess.com"]
[Source "ChessBase"]
[SourceQuality "1"]
[TimeControl "5400+30"]

1. d4 d5 2. Bf4 Nf6 3. e3 e6 4. Nf3 Bd6 5. Ne5 O-O 6. Nd2 c5 7. c3 Qc7 8. Bd3 Nc6 9. Ndf3 cxd4 10. cxd4 Ne4 11. O-O f6 12. Nxc6 Bxf4 13. exf4 bxc6 14. Qc1 Bd7 15. Re1 Nd6 16. Qc2 h6 17. Nh4 f5 18. Ng6 Rfd8 19. Rac1 Qb6 20. Qc3 Ne4 21. Bxe4 dxe4 22. Ne5 Be8 23. Red1 Kh7 24. h3 Rd5 25. Nc4 Qc7 26. Ne3 Rdd8 27. g3 Qb6 28. b3 Rab8 29. Qc4 Rd6 30. Qc5 Rbd8 31. Qe5 Qb5 32. Rc5 Qe2 33. Rc2 Qh5 34. Kh2 Qf7 35. Qc5 Qb7 36. Qe5 Qf7 37. Qc5 Qb7 38. Qe5 1/2-1/2

[Event "Charlotte Spring IM-C 2024"]
[Site "Charlotte"]
[Date "2024.03.30"]
[Round "5.2"]
[White "Melillo, Lucius"]
[Black "Nguyen, James Le"]
[Result "1/2-1/2"]
[ECO "D36"]
[WhiteElo "2274"]
[BlackElo "2114"]
[Annotator "RC"]
[PlyCount "83"]
[EventDate "2024.03.27"]
[EventType "tourn"]
[EventCountry "USA"]
[SourceTitle "playchess.com"]
[Source "ChessBase"]
[SourceQuality "1"]
[TimeControl "5400+30"]

1. d4 d5 2. c4 e6 3. Nf3 Nf6 4. Nc3 Be7 5. Bg5 O-O 6. e3 Nbd7 7. Qc2 Re8 8. cxd5 exd5 9. Bd3 c6 10. O-O h6 11. Bf4 Nf8 12. h3 Be6 13. Rab1 a5 14. a3 Bd6 15. Bxd6 Qxd6 16. Na4 N8d7 17. Rfc1 Ne4 18. b4 axb4 19. axb4 b5 20. Nc5 Nexc5 21. dxc5 Qc7 22. Ra1 Ne5 23. Nd4 Bd7 24. Qc3 Nxd3 25. Qxd3 Qe5 26. Ra3 f5 27. Rca1 Rxa3 28. Rxa3 f4 29. Ra7 fxe3 30. Rxd7 e2 31. Nxe2 Qxe2 32. Qg3 Qe5 33. f4 Qe1+ 34. Kh2 Qxg3+ 35. Kxg3 Re4 36. Rc7 Rxb4 37. Rxc6 Rc4 38. Rc8+ Kf7 39. c6 Rc3+ 40. Kf2 b4 41. Rb8 Rxc6 42. Rxb4 1/2-1/2

[Event "Charlotte Spring IM-C 2024"]
[Site "Charlotte"]
[Date "2024.03.30"]
[Round "5.3"]
[White "Komarov, Dimitri"]
[Black "Kunka, Harshid"]
[Result "1/2-1/2"]
[ECO "D55"]
[WhiteElo "2448"]
[BlackElo "2294"]
[Annotator "RC"]
[PlyCount "54"]
[EventDate "2024.03.27"]
[EventType "tourn"]
[EventCountry "USA"]
[SourceTitle "playchess.com"]
[Source "ChessBase"]
[SourceQuality "1"]
[TimeControl "5400+30"]

1. d4 d5 2. c4 e6 3. Nc3 Nf6 4. Bg5 Be7 5. e3 O-O 6. Nf3 h6 7. Bxf6 Bxf6 8. Qc2 c6 9. Rd1 Nd7 10. Be2 a6 11. O-O b5 12. b3 Be7 13. e4 bxc4 14. bxc4 dxc4 15. Bxc4 Qa5 16. e5 Nb6 17. Ne4 Nxc4 18. Qxc4 Qd5 19. Qc2 a5 20. Nc5 Ba6 21. Rfe1 Rfb8 22. Re3 Rb4 23. Rc3 Rc4 24. Nxa6 Rxc3 25. Qxc3 Rxa6 26. Rb1 Ra8 27. Qc2 Bb4 1/2-1/2

[Event "Charlotte Spring IM-C 2024"]
[Site "Charlotte"]
[Date "2024.03.30"]
[Round "5.4"]
[White "Posthuma, Joshua"]
[Black "Horobetz, Graham"]
[Result "1-0"]
[ECO "D00"]
[WhiteElo "2449"]
[BlackElo "2252"]
[Annotator "TA"]
[PlyCount "65"]
[EventDate "2024.03.27"]
[EventType "tourn"]
[EventCountry "USA"]
[SourceTitle "playchess.com"]
[Source "ChessBase"]
[SourceQuality "1"]
[TimeControl "5400+30"]

1. d4 Nf6 2. Bf4 d5 3. e3 c5 4. dxc5 Nc6 5. Bb5 e6 6. b4 {[%emt 0:00:00] Prevents Qa5} Bd7 7. c3 a5 8. Qb3 {[%emt 0:00:00] The position is equal.} Nh5 (8... Ne4 $5 9. f3 Nf6 $11) 9. Ne2 Nxf4 10. Nxf4 Qf6 11. O-O $1 h5 (11... axb4 12. cxb4 Be7 (12... Qxa1 13. Nc3 $18) 13. Nd2 $16) 12. Nd2 g5 13. Nd3 Bg7 14. Rac1 O-O 15. a4 Qg6 16. Nf3 Be8 (16... Qf5 $14) 17. Rfd1 {[%emt 0:06:00] White is more active.} Rd8 (17... g4 $14 18. Nd4 e5 (18... axb4 19. Bxc6 bxc6 20. cxb4 $18)) 18. Bxc6 $1 $18 bxc6 19. b5 g4 20. Nfe5 ({White should play} 20. Nf4 $18 Qh7 21. Nd4) 20... Qe4 $14 21. Nxc6 Bxc6 22. bxc6 Rb8 23. Qc2 Rfc8 24. c4 {[%emt 0:00:00] Hoping for cxd5.} dxc4 (24... d4 $1 $11) 25. Qxc4 $16 Qxc6 {[%emt 0:03:10] [#]} (25... Qxc4 $16 {was called for.} 26. Rxc4 Rxc6) 26. Rb1 $1 $18 Rd8 {[%emt 0:01:28] [#]} (26... Rb7 $142 27. Rxb7 Qxb7) 27. Rb5 $1 Rbc8 28. Rxa5 Rd5 29. Rf1 {[%emt 0:00:00] Threatens to win with Nb4.} Bf8 30. g3 Bxc5 $2 (30... Qc7 $16 31. Rb5 Qd8) 31. Rc1 Ba3 (31... Ba7 32. Qxc6 Rxc6 33. Rxd5 (33. Rxa7 Rxc1+ 34. Nxc1 Rd1+ 35. Kg2 Rxc1 $14) 33... Rxc1+ 34. Nxc1 exd5) 32. Qxc6 Rxc6 33. Ra8+ {[%emt 0:00:00] Weighted Error Value: White=0.13 (very precise) /Black=0.33.  Loses game:     	---       	Black=1      Mistake:       	White=1     	Black=6      Inaccurate:     	White=2     	Black=3      OK:         	White=13    	Black=8      Best:        	White=1     	Black=1      Strong:       	White=1     	---} ({Less strong is} 33. Rxc6 Rxa5 34. Rc4 Kf8 $16) 1-0

[Event "Charlotte Spring IM-C 2024"]
[Site "Charlotte"]
[Date "2024.03.30"]
[Round "5.5"]
[White "Fierro Baquero, Martha L."]
[Black "Mendez Tovar, Yessica Yissel"]
[Result "1-0"]
[ECO "C90"]
[WhiteElo "2283"]
[BlackElo "1993"]
[Annotator "RC"]
[PlyCount "63"]
[EventDate "2024.03.27"]
[EventType "tourn"]
[EventCountry "USA"]
[SourceTitle "playchess.com"]
[Source "ChessBase"]
[SourceQuality "1"]
[TimeControl "5400+30"]

1. e4 e5 2. Nf3 Nc6 3. Bb5 a6 4. Ba4 d6 5. c3 b5 6. Bb3 Be7 7. O-O Nf6 8. Re1 O-O 9. d3 Bb7 10. Nbd2 Na5 11. Bc2 c5 12. Nf1 Qc7 13. Bg5 Ne8 14. Bd2 Rd8 15. Ne3 Bf6 16. b4 Nc6 17. a4 Ne7 18. axb5 axb5 19. Ra5 Bc6 20. Bb3 Ra8 21. Rxa8 Bxa8 22. h3 Qd8 23. c4 Nc7 24. Ng4 Nc6 25. cxb5 Nxb5 26. Bc4 Nbd4 27. b5 Nxf3+ 28. Qxf3 Nd4 29. Nxf6+ Kh8 30. Qh5 Qxf6 31. Bg5 Qg6 32. Qxg6 1-0

[Event "Charlotte Spring IM-C 2024"]
[Site "Charlotte"]
[Date "2024.03.30"]
[Round "6.1"]
[White "Eckert, Doug"]
[Black "Mendez Tovar, Yessica Yissel"]
[Result "1/2-1/2"]
[ECO "A37"]
[WhiteElo "2146"]
[BlackElo "1993"]
[Annotator "NA RC"]
[PlyCount "46"]
[EventDate "2024.03.27"]
[EventType "tourn"]
[EventCountry "USA"]
[SourceTitle "playchess.com"]
[Source "ChessBase"]
[SourceQuality "1"]
[TimeControl "5400+30"]

1. c4 g6 2. g3 Bg7 3. Bg2 c5 4. Nf3 Nc6 5. Nc3 e5 6. O-O Nge7 7. a3 O-O 8. Ne1 d6 9. Nc2 Be6 10. Ne3 Rb8 11. Ned5 a6 12. a4 b6 13. d3 Qd7 14. Rb1 Bh3 15. Bh6 Bxg2 16. Kxg2 f5 17. Bxg7 Kxg7 18. e3 Nxd5 19. Nxd5 b5 20. axb5 axb5 21. b3 bxc4 22. bxc4 Rxb1 23. Qxb1 Rb8 1/2-1/2

[Event "Charlotte Spring IM-C 2024"]
[Site "Charlotte"]
[Date "2024.03.30"]
[Round "6.2"]
[White "Horobetz, Graham"]
[Black "Fierro Baquero, Martha L."]
[Result "1/2-1/2"]
[ECO "B27"]
[WhiteElo "2252"]
[BlackElo "2283"]
[Annotator "RC"]
[PlyCount "88"]
[EventDate "2024.03.27"]
[EventType "tourn"]
[EventCountry "USA"]
[SourceTitle "playchess.com"]
[Source "ChessBase"]
[SourceQuality "1"]
[TimeControl "5400+30"]

1. e4 c5 2. Nf3 g6 3. d4 Bg7 4. dxc5 Qa5+ 5. c3 Qxc5 6. Be3 Qc7 7. Bd4 Nf6 8. e5 Ng4 9. e6 f6 10. Na3 Nc6 11. Bc4 dxe6 12. h3 Nge5 13. Nxe5 Nxe5 14. Bb3 O-O 15. Qe2 Qc6 16. f4 Nf7 17. h4 Qd6 18. g3 e5 19. fxe5 fxe5 20. Be3 h5 21. Rf1 e4 22. Bf4 Qd3 23. Nb5 Bh3 24. Rf2 Kh7 25. Bc2 Qxe2+ 26. Kxe2 e5 27. Be3 a6 28. Nc7 Bg4+ 29. Ke1 Rac8 30. Nd5 Nd6 31. Rxf8 Rxf8 32. Bc5 Rd8 33. Bxd6 Bf3 34. Bc5 Rxd5 35. Be3 Bh6 36. Kf2 Bf8 37. c4 Rd8 38. c5 Bxc5 39. Bxe4 Bxe4 40. Bxc5 Bc6 41. Re1 e4 42. Ke2 Bd7 43. Ke3 Bg4 44. Bd4 Bf5 1/2-1/2

[Event "Charlotte Spring IM-C 2024"]
[Site "Charlotte"]
[Date "2024.03.30"]
[Round "6.3"]
[White "Kunka, Harshid"]
[Black "Posthuma, Joshua"]
[Result "1/2-1/2"]
[ECO "B28"]
[WhiteElo "2294"]
[BlackElo "2449"]
[Annotator "TA"]
[PlyCount "64"]
[EventDate "2024.03.27"]
[EventType "tourn"]
[EventCountry "USA"]
[SourceTitle "playchess.com"]
[Source "ChessBase"]
[SourceQuality "1"]
[TimeControl "5400+30"]

1. e4 c5 2. Nf3 a6 3. c3 e6 4. d4 d5 5. e5 Bd7 6. Bd3 Nc6 7. O-O cxd4 8. cxd4 Qb6 {[%emt 0:00:26] The position is equal.} 9. Be2 Nge7 10. Na3 Nf5 11. Nc2 Be7 12. Rb1 Rc8 13. b3 Nb4 14. Nxb4 Bxb4 15. g4 Ne7 16. a3 Bc3 17. Be3 h5 18. h3 Qa5 19. a4 b5 20. b4 Bxb4 {[%emt 0:09:25] [#] ...hxg4 would now be deadly.} 21. Qb3 {[%emt 0:02:10] axb5 is the strong threat.} hxg4 (21... bxa4 $2 22. Qxb4 Qxb4 23. Rxb4 $18) 22. hxg4 {[%emt 0:00:07] And now axb5 would win.} Nc6 (22... bxa4 $2 {loses.} 23. Qxb4 Qxb4 24. Rxb4 $18) (22... Bc3 $1 $11) 23. axb5 $16 axb5 24. Ra1 Qb6 25. Rfc1 (25. Kg2 $16) 25... Be7 $1 $14 26. Qxb5 Qxb5 27. Bxb5 {[%emt 0:00:07] [#] aiming for Ra6.} O-O 28. Be2 f6 29. exf6 gxf6 30. Bb5 Kf7 (30... Ne5 $5 31. Rxc8 Nxf3+ 32. Kg2 Bxc8 33. Kxf3 e5 $11) 31. g5 Nb8 32. Rxc8 Rxc8 {[%emt 0:00:26] Weighted Error Value: White=0.07 (flawless) /Black=0.10 (very precise) .  Mistake:       	White=1     	Black=1      Inaccurate:     	White=1     	Black=2      OK:         	White=10    	Black=10     Best:        	White=3     	---        Strong:       	---       	Black=1} 1/2-1/2

[Event "Charlotte Spring IM-C 2024"]
[Site "Charlotte"]
[Date "2024.03.30"]
[Round "6.4"]
[White "Nguyen, James Le"]
[Black "Komarov, Dimitri"]
[Result "0-1"]
[ECO "C07"]
[WhiteElo "2114"]
[BlackElo "2448"]
[Annotator "TA"]
[PlyCount "62"]
[EventDate "2024.03.27"]
[EventType "tourn"]
[EventCountry "USA"]
[SourceTitle "playchess.com"]
[Source "ChessBase"]
[SourceQuality "1"]
[TimeControl "5400+30"]

1. e4 e6 2. d4 d5 3. Nd2 c5 4. exd5 Qxd5 5. Ngf3 cxd4 6. Bc4 Qd7 7. O-O {[%emt 0:00:38][%mdl 1024] White has compensation.} Nc6 8. Nb3 a6 {[%emt 0:00:43] The position is equal.} 9. a4 Nf6 10. Qe2 Bd6 11. Rd1 Qe7 12. Nbxd4 Nxd4 13. Rxd4 e5 14. Rxd6 Qxd6 15. b3 {[%emt 0:01:30][%cal Oc1a3] [#] And now Ba3! would win.} e4 {[%emt 0:00:03] ...Be6 is the strong threat.} 16. Ba3 Qf4 17. Qe1 {[%emt 0:10:44][%cal Oe1a5] Threatens to win with Qa5!} Be6 {[%emt 0:12:32] ...Bxc4 would now be deadly.} 18. Qa5 $1 {[%emt 0:22:40][%cal Oa5c5] Hoping for Qc5!} Rd8 $1 (18... exf3 $2 19. Qc5 Kd8 20. Bxe6 fxe6 21. Qe7+ (21. Rd1+ Nd5 $11) 21... Kc8 22. Bd6 $18 (22. Qxg7 $2 Rg8 $19) (22. Qxg7 $2 Rg8 $19)) 19. Ne5 Nd7 {[%emt 0:02:39] Wards off Qc5} 20. Nxd7 ({Only move:} 20. Bxe6 $1 $15 Nxe5 (20... Qxe5 $2 {perishes.} 21. Bxd7+ Kxd7 22. Qxe5 $18) 21. Bh3) 20... Rxd7 $17 21. Re1 Bxc4 22. bxc4 f6 23. Qc5 (23. Bc1 $142 Qc7 24. Qf5) 23... Kf7 $19 24. Bb4 Qe5 25. Qxe5 fxe5 26. Rxe4 {[%emt 0:00:55][%mdl 4096] Endgame. KRR-KRB} Rd1+ 27. Be1 Rd4 28. Re3 Rc8 ({But not} 28... Rxc4 29. Bc3) 29. Bc3 Rd1+ ({Not} 29... Rdxc4 30. Bxe5 Rd8 (30... Rxa4 31. Rf3+ Ke6 32. Bxg7 $19) (30... Rxc2 $2 31. h4 $19) 31. h3 $19) 30. Be1 Rxc4 31. Rxe5 Rxa4 {[%emt 0:00:40] Weighted Error Value: White=0.34/Black=0.07 (flawless) .  Mistake:       	White=2     	---        Inaccurate:     	White=3     	---        OK:         	White=5     	Black=12     Best:        	White=2     	Black=3      Strong:       	White=1     	Black=1} 0-1

[Event "Charlotte Spring IM-C 2024"]
[Site "Charlotte"]
[Date "2024.03.30"]
[Round "6.5"]
[White "Wu, Sibo"]
[Black "Melillo, Lucius"]
[Result "1-0"]
[ECO "D31"]
[WhiteElo "2142"]
[BlackElo "2274"]
[Annotator "RC"]
[PlyCount "77"]
[EventDate "2024.03.27"]
[EventType "tourn"]
[EventCountry "USA"]
[SourceTitle "playchess.com"]
[Source "ChessBase"]
[SourceQuality "1"]
[TimeControl "5400+30"]

1. d4 d5 2. c4 e6 3. Nc3 c6 4. Nf3 dxc4 5. e4 b5 6. e5 Bb7 7. Ng5 Be7 8. Nge4 c5 9. Qg4 cxd4 10. Qxg7 dxc3 11. Nxc3 Bf6 12. exf6 Qxf6 13. Qxf6 Nxf6 14. Nxb5 Kd7 15. Bf4 Nd5 16. Bg3 f5 17. Rd1 Na6 18. Bxc4 Rhc8 19. b3 Nab4 20. Rd2 Ba6 21. O-O Rc5 22. a4 Bb7 23. f3 a6 24. Nd4 Rg8 25. Re1 Rg6 26. Rde2 f4 27. Bf2 Ne3 28. Bxe3 fxe3 29. Rxe3 Bd5 30. Nxe6 Bxe6 31. Rxe6 Rxe6 32. Bxe6+ Kd6 33. Bc4 a5 34. Re6+ Kd7 35. Rh6 Nc2 36. Rxh7+ Kd6 37. Rh6+ Ke7 38. Kf2 Na3 39. Ra6 1-0

[Event "Charlotte Spring IM-C 2024"]
[Site "Charlotte"]
[Date "2024.03.31"]
[Round "7.1"]
[White "Melillo, Lucius"]
[Black "Eckert, Doug"]
[Result "1/2-1/2"]
[ECO "D02"]
[WhiteElo "2274"]
[BlackElo "2146"]
[Annotator "RC"]
[PlyCount "80"]
[EventDate "2024.03.27"]
[EventType "tourn"]
[EventCountry "USA"]
[SourceTitle "playchess.com"]
[Source "ChessBase"]
[SourceQuality "1"]
[TimeControl "5400+30"]

1. Nf3 d5 2. d4 Nf6 3. Bf4 e6 4. e3 Bd6 5. Nbd2 O-O 6. Bd3 c5 7. dxc5 Bxf4 8. exf4 Qc7 9. g3 a5 10. O-O Nbd7 11. Nb3 a4 12. Nbd4 Nxc5 13. Re1 Nfe4 14. b4 axb3 15. axb3 Rxa1 16. Qxa1 Qb6 17. Bb5 Bd7 18. Bxd7 Nxd7 19. Qa4 Ndf6 20. h3 Rc8 21. Ra1 h6 22. Qa5 Qxa5 23. Rxa5 Nd6 24. Kf1 Nfe4 25. f5 Nxf5 26. Nxf5 exf5 27. Nd4 Nf6 28. Rb5 Rc7 29. Nxf5 Rxc2 30. Rxb7 Ne4 31. f3 Rf2+ 32. Kg1 Rxf3 33. Ne7+ Kh7 34. Nxd5 Rxg3+ 35. Kh2 Rd3 36. Nf4 Rf3 37. Rxf7 Ng5 38. Kg2 Rxb3 39. Re7 Rf3 40. Ne6 Ra3 1/2-1/2

[Event "Charlotte Spring IM-C 2024"]
[Site "Charlotte"]
[Date "2024.03.31"]
[Round "7.2"]
[White "Komarov, Dimitri"]
[Black "Wu, Sibo"]
[Result "1/2-1/2"]
[ECO "B30"]
[WhiteElo "2448"]
[BlackElo "2142"]
[Annotator "RC"]
[PlyCount "51"]
[EventDate "2024.03.27"]
[EventType "tourn"]
[EventCountry "USA"]
[SourceTitle "playchess.com"]
[Source "ChessBase"]
[SourceQuality "1"]
[TimeControl "5400+30"]

1. e4 c5 2. Nf3 Nc6 3. Bb5 e6 4. O-O Nge7 5. Re1 a6 6. Bxc6 Nxc6 7. d4 cxd4 8. Nxd4 Qc7 9. Nc3 d6 10. Nxc6 bxc6 11. Qg4 e5 12. Qg3 h5 13. h4 Be6 14. Be3 Be7 15. Rad1 Kf8 16. Na4 Rb8 17. b3 Kg8 18. c4 Rf8 19. Nc3 Qa5 20. Na4 Qc7 21. Bg5 f6 22. Bc1 f5 23. exf5 Rxf5 24. Qg6 Rf6 25. Qg3 Rf5 26. Qg6 1/2-1/2